 Dungeon Crawl Stone Soup version 0.21.1-1-g345015fe64 (webtiles) character file.

35 HessuHobo the Grasshopper (level 3, -4/18 HPs)
             Began as a Spriggan Warper on May 24, 2018.
             Slain by a worm (12 damage)
             ... on level 2 of the Dungeon.
             The game lasted 00:05:51 (1370 turns).

HessuHobo the Grasshopper (Spriggan Warper)         Turns: 1370, Time: 00:05:51

Health: -4/18      AC:  2    Str:  7    XL:     3   Next: 17%
Magic:  8/8        EV: 19    Int: 14    God:
Gold:   82         SH:  0    Dex: 16    Spells: 1/8 levels left

rFire    . . .     SeeInvis +   j - +0 dagger (drain)
rCold    . . .     Gourm    .   (shield restricted)
rNeg     . . .     Faith    .   b - +0 robe
rPois    .         Spirit   .   (helmet restricted)
rElec    .         Reflect  .   (no cloak)
rCorr    .         Harm     .   (gloves unavailable)
MR       .....                  (boots unavailable)
Stlth    ++........             (no amulet)
HPRegen  0.06/turn              (no ring)
MPRegen  0.11/turn              (no ring)

@: very quick
A: very small, unfitting armour, see invisible, herbivore, speed 3, slow
metabolism 2
a: no special abilities


You were on level 2 of the Dungeon.
You were not hungry.

You visited 1 branch of the dungeon, and saw 2 of its levels.

You collected 82 gold pieces.

Inventory:

Hand Weapons
 a - a +0 short sword
 j - a +0 dagger of draining (weapon)
Missiles
 e - 5 tomahawks of dispersal (quivered)
Armour
 b - a +0 robe (worn)
Jewellery
 i - an uncursed ring of positive energy {unknown}
Scrolls
 d - a scroll of blinking
 g - 2 scrolls of identify
 k - 2 scrolls of remove curse {unknown}
 l - a scroll of random uselessness {unknown}
Potions
 h - a potion of invisibility {unknown}
Books
 c - a book of Spatial Translocations

   Spells                             Type                      Level
   a - Blink                          Translocation                2
   b - Shroud of Golubria             Charms/Translocation         2
   c - Lesser Beckoning               Translocation                3
   d - Gell's Gravitas                Translocation                3
   e - Teleport Other                 Translocation                3
   f - Passage of Golubria            Translocation                4
Comestibles
 f - 2 rations


   Skills:
 + Level 1.8 Fighting
 * Level 2.8 Short Blades
 - Level 1.0 Throwing
 * Level 4.3 Dodging
 + Level 0.3 Stealth
 * Level 3.1 Spellcasting
 + Level 4.4 Translocations


You had one spell level left.
You knew the following spells:

 Your Spells              Type           Power        Failure   Level  Hunger
a - Blink                 Tloc           N/A          4%          2    ##.....
b - Shroud of Golubria    Chrm/Tloc      #.........   13%         2    ##.....
c - Gell's Gravitas       Tloc           ##........   10%         3    ###....


Dungeon Overview and Level Annotations

Branches:
Dungeon (2/15)

Altars:


Innate Abilities, Weirdness & Mutations

You are very small and have problems with some larger weapons.
You are too small for most types of armour.
You have supernaturally acute eyesight. (SInv)
You are a herbivore.
You cover ground extremely quickly.
You need consume almost no food.


Message History

You hit the adder zombie.
The adder zombie is severely damaged.
The adder zombie completely misses you.
You hit the adder zombie but do no damage.
The adder zombie is severely damaged.
The adder zombie completely misses you. The worm misses you.
You hit the adder zombie.
The adder zombie is almost destroyed.
The adder zombie bites you.
You closely miss the adder zombie.
The adder zombie is almost destroyed.
The adder zombie misses you. The worm closely misses you.
You hit the adder zombie.
The adder zombie is almost destroyed.
The adder zombie bites you.
You hit the adder zombie.
You destroy the adder zombie!
The worm bites you!
Ouch! That really hurt!
You die...

#....P...†........#
##.#P##P.##...###.#
........###.## .#
######### #.# .#
##.## .#
####...###.#
#.......>...#
#.###...##..####.#
##...>@.)....#
#.P.P.w####$#
#P≈..≈..# #≈≈≈≈≈≈.#
#..≈≈≈P<# #..≈..P.#
#........
.......#.#
..........#


You could see a worm.

Vanquished Creatures
  An adder skeleton (D:2)
  An adder zombie (D:2)
  A dart slug (D:1)
  3 leopard geckos (D:1)
  A ball python (D:1)
  4 bats (D:1)
  A giant cockroach (D:1)
  3 hobgoblins (D:1)
  A quokka (D:2)
  3 frilled lizards
  3 kobolds (D:1)
  2 rats (D:1)
24 creatures vanquished.

Notes
Turn   | Place    | Note
-------+----------+-------------------------------------------
     0 | D:1      | HessuHobo the Spriggan Warper began the quest for the Orb.
     0 | D:1      | Reached XP level 1. HP: 10/10 MP: 5/5
   308 | D:1      | Reached XP level 2. HP: 14/14 MP: 7/7
  1037 | D:1      | Learned a level 2 spell: Blink
  1040 | D:1      | Learned a level 2 spell: Shroud of Golubria
  1141 | D:2      | Reached XP level 3. HP: 11/18 MP: 8/8
  1338 | D:2      | Learned a level 3 spell: Gell's Gravitas
  1370 | D:2      | Slain by a worm

Skill      XL: |  1  2 |
---------------+-------+-----
Spellcasting   | 3 |  3.1
Dodging        | 4 |  4.3
Fighting       | |  1.8
Short Blades   | |  2.8
Throwing       | |  1.0
Stealth        | |  0.3
Translocations | |  4.4

Action                   || total
-------------------------++-------
Melee: Short sword       ||    41
       Dagger            ||    72
  Use: Scroll            ||     2
 Stab: Sleeping          ||     4
Armor: Robe              ||     8
Dodge: Dodged            ||    96
